 Dungeon Crawl Stone Soup version 0.29-a0-321-gf1c400731a (webtiles) character file.

Game seed: 11961728406517674351

842 Murumi the Covert (level 7, -2/41 HPs)
             Began as a Vampire Monk on Apr 5, 2022.
             Slain by Edmund
             ... wielding a +7 flail of holy wrath
              (12 damage)
             ... on level 5 of the Dungeon.
             The game lasted 00:17:37 (6563 turns).

Murumi the Covert (Vampire Monk)                    Turns: 6563, Time: 00:17:38

Health: -2/41      AC:  7    Str: 10    XL:     7   Next: 67%
Magic:  7/7        EV: 10    Int: 12    God:
Gold:   350        SH:  0    Dex: 19    Spells: 6/6 levels left

rFire   . . .      SeeInvis +   n - +0 long sword
rCold   + + .      Faith    .   (no shield)
rNeg    + + +      Spirit   .   d - +0 scale mail
rPois   ∞          Reflect  .   (no helmet)
rElec   .          Harm     .   (no cloak)
rCorr   .          Rampage  .   (no gloves)
Will    .....                   h - +0 pair of boots
Stlth   +++++.....              (no amulet)
HPRegen 0.00/turn               (no ring)
MPRegen 0.10/turn               (no ring)

@: mighty, bloodless, inhibited regen
A: bloodless, fangs 3, see invisible, vampiric 2
a: Bat Form, Revivify


You were on level 5 of the Dungeon.
You visited 1 branch of the dungeon, and saw 5 of its levels.

You collected 350 gold pieces.

Inventory:

Hand Weapons
 n - a +0 long sword (weapon)
Armour
 d - a +0 scale mail (worn)
 h - a +0 pair of boots (worn)
Jewellery
 i - a ring of fire
 p - a ring of fire
Wands
 o - a wand of charming (8)
 s - a wand of iceblast (9)
Scrolls
 k - 2 scrolls of enchant weapon
 r - a scroll of teleportation
Potions
 a - 2 potions of haste {unknown}
 b - a potion of might
 c - a potion of ambrosia
 e - a potion of magic
 f - 3 potions of curing
 g - 3 potions of mutation
 j - a potion of flight {unknown}
 l - 2 potions of experience {unknown}
 m - 2 potions of attraction {unknown}
 q - a potion of brilliance {unknown}


   Skills:
 + Level 3.0 Fighting
 - Level 4.0 Long Blades
 - Level 3.0 Armour
 - Level 5.0 Dodging
 - Level 10.0 Stealth
 - Level 1.0 Evocations


You had 6 spell levels left.
You didn't know any spells.
Your spell library contained the following spells:

 Spells                   Type           Power      Damage    Failure   Level
 Blink                    Tloc           0%         N/A       97%         2
 Lesser Beckoning         Tloc           0%         N/A       99%         3
 Portal Projectile        Hex/Tloc       0%         N/A       99%         3
 Stone Arrow              Conj/Erth      0%         3d7       99%         3
 Animate Armour           Summ/Erth      0%         N/A       100%        4
 Blade Hands              Tmut           0%         N/A       100%        5
 Excruciating Wounds      Necr           0%         N/A       100%        5
 Manifold Assault         Tloc           0%         N/A       100%        5
 Lehudib's Crystal Spear  Conj/Erth      0%         10d2      100%        8


Dungeon Overview and Level Annotations

Branches:
Dungeon (5/15)
 Temple: D:4-7

Altars:
Hepliaklqana
Ru

Annotations:
D:5 Edmund


Innate Abilities, Weirdness & Mutations

You do not regenerate when monsters are visible.
You are frail without blood (-20% HP).
You can heal yourself when you bite living creatures.
You are immune to poison.
You have razor-sharp teeth.
You have supernaturally acute eyesight. (SInv)
You are afflicted with vampirism and can become a bat while bloodless.


Message History

The bat hits you but does no damage.
You slash the bat!
You kill the bat!
The bat's corpse disappears in a puff of smoke!
You hit Eustachio.
Eustachio is heavily wounded.
Eustachio closely misses you.
You slash Eustachio!
Eustachio is severely wounded.
Eustachio closely misses you.
You closely miss Eustachio.
Eustachio is severely wounded.
Eustachio hits you with a +0 rapier. Eustachio misses you.
You slash Eustachio! You bite Eustachio.
You kill Eustachio!
The rat disappears in a puff of smoke!
The bat disappears in a puff of smoke!
Training target 5.0 for Dodging reached!
Your Dodging skill increases to level 5!
You need to enable at least one skill for training.
Training target 10.0 for Stealth reached!
Your Stealth skill increases to level 10!
You need to enable at least one skill for training.
Things that are here:
a +0 rapier; a +0 leather armour You see here a +0 dagger.
The helpless Edmund fails to defend himself.
You hit Edmund but do no damage. You bite Edmund.
Edmund is lightly wounded.
Edmund hits you with a +7 flail of holy wrath.
You convulse.
You hit Edmund.
Edmund is moderately wounded.
Edmund hits you with a +7 flail of holy wrath.
You convulse!
You are too injured to fight recklessly!
You feel very mighty all of a sudden.
Edmund hits you with a +7 flail of holy wrath!
* * * LOW HITPOINT WARNING * * *
You convulse!
You die...

#...........##..###.....#.#
#.......######.>....#.###.#
##.............######......
#.####################....
#######.#..#..#..............###
#.............#.##########.#....
#.########....#.# #....##.#####
#.............#@# #.##.##.#####
###########...#@# #.##........#
#.....# #.#####.###.# #.#.###
#.......###.# #.#..#
#########...# #.##.# #.###
#....# #.... ###### #####


You could see Edmund.

Vanquished Creatures
  Prince Ribbit (D:5)
  Eustachio (D:5)
  An ogre (D:5)
  A centaur (D:5)
  A hound (D:5)
  Jessica (D:3)
  2 iguanas (D:5)
  Terence (D:2)
  9 gnolls
  8 adders
  A white imp (D:5)
  A worm (D:3)
  A dart slug (D:2)
  2 orcs (D:3)
  7 ball pythons
  2 bats
  6 endoplasms
  2 giant cockroaches (D:1)
  9 goblins
  9 hobgoblins
  5 quokkas
  2 frilled lizards
  5 kobolds
  5 rats
83 creatures vanquished.

Vanquished Creatures (others)
  2 plants (D:5)
2 creatures vanquished.

Grand Total: 85 creatures vanquished

Notes
Turn   | Place    | Note
-------+----------+-------------------------------------------
     0 | D:1      | Murumi the Vampire Monk began the quest for the Orb.
     0 | D:1      | Reached XP level 1. HP: 17/17 MP: 1/1
    60 | D:1      | Reached XP level 2. HP: 7/19 MP: 2/2
   303 | D:1      | Found a faded altar of an unknown god.
   676 | D:1      | Reached skill level 1 in Armour
   865 | D:2      | Gained mutation: You are afflicted with vampirism and can
                  | become a bat while bloodless. [Vampire growth]
   865 | D:2      | Reached XP level 3. HP: 23/23 MP: 3/3
   931 | D:2      | Reached skill level 4 in Stealth
  1358 | D:2      | Noticed Terence
  1399 | D:2      | Killed Terence
  1400 | D:2      | Reached skill level 5 in Stealth
  1400 | D:2      | Reached XP level 4. HP: 7/28 MP: 4/4
  2278 | D:3      | Reached skill level 6 in Stealth
  2363 | D:3      | Noticed Jessica
  2367 | D:3      | Found a hazy altar of Hepliaklqana.
  2373 | D:3      | Killed Jessica
  2386 | D:3      | Found a faded altar of an unknown god.
  2562 | D:3      | Reached XP level 5. HP: 9/32 MP: 5/5
  3186 | D:4      | Reached skill level 1 in Evocations
  4238 | D:5      | Entered Level 5 of the Dungeon
  4610 | D:5      | Reached skill level 7 in Stealth
  4799 | D:5      | Noticed a centaur
  4816 | D:5      | Killed a centaur
  4817 | D:5      | Reached skill level 8 in Stealth
  4817 | D:5      | Reached XP level 6. HP: 24/37 MP: 6/6
  5021 | D:5      | Found a sacrificial altar of Ru.
  5455 | D:5      | Reached skill level 9 in Stealth
  5543 | D:5      | Noticed Prince Ribbit
  5564 | D:5      | Killed Prince Ribbit
  5565 | D:5      | Reached XP level 7. HP: 27/41 MP: 7/7
  5663 | D:5      | Noticed Eustachio
  6112 | D:5      | Noticed Edmund
  6425 | D:5      | Killed Eustachio
  6426 | D:5      | Reached skill level 5 in Dodging
  6426 | D:5      | Reached skill level 10 in Stealth
  6563 | D:5      | Slain by Edmund

Illustrated notes

Levels and vault maps discovered:
D:1:      scummos_arrival_simple_crosswalls, layout_rooms,
          hellmonk_ecumenical_altar_lost_god, serial_forest,
          infiniplex_forest_straight_3, infiniplex_forest_lined_2,
          infiniplex_forest_fountain, infiniplex_forest_clump_double,
          minmay_misc_feat_more_columns
D:2:      layout_basic, minmay_heptomino_d4, uniq_terence
D:3:      layout_rooms, beargit_hepliaklqana_dungeon_heroes
D:4:      layout_layer_cave
D:5:      layout_basic, nicolae_overflow_crystal_walls, minmay_misc_feat_roman,
          serial_bayou_ford_a, uniq_eustachio, uniq_prince_ribbit1, uniq_edmund

Skill      XL: |  1  2  3  4  5  6  7 |
---------------+----------------------+-----
Fighting       | 3 |  3.0
Dodging        | 4 5 |  5.0
Armour         | 1 2 3 |  3.0
Stealth        | 5 6 8 9 10 | 10.0
Evocations     | 1 |  1.0
Long Blades    | 4 |  4.0

Action                   |  1- 3 |  4- 6 |  7- 9 || total
-------------------------+-------+-------+-------++-------
Melee: Falchion          |    81 |    22 |       ||   103
       Bite              |     5 |    21 |     7 ||    33
       Long sword        |       |   133 |    51 ||   184
       Punch             |       |       |     1 ||     1
 Abil: Exsanguinate      |     1 |       |       ||     1
  Use: Scroll            |     6 |     5 |       ||    11
       Potion            |     1 |     1 |     1 ||     3
 Stab: Sleeping          |    18 |    11 |     2 ||    31
Armor: Leather armour    |    12 |       |       ||    12
       Robe              |     1 |       |       ||     1
       Scale mail        |       |    72 |    15 ||    87
Dodge: Dodged            |    42 |    98 |    25 ||   165

Table legend: (Time is in decaauts)
 A = Elapsed time spent in this place.
 B = Non-inter-level travel time spent in this place.
 C = Inter-level travel time spent in this place.
 D = Time resting spent in this place.
 E = Time spent auto-exploring this place.
 F = Levels seen in this place.
 G = Mean time per level.
                   A        B        C        D        E       F      G
               +--------+--------+--------+--------+--------+-----+--------+
         Total |   6645 |   6306 |    339 |    441 |   4866 |   5 | 1329.0 |
       Dungeon |   6645 |   6306 |    339 |    441 |   4866 |   5 | 1329.0 |
               +--------+--------+--------+--------+--------+-----+--------+

Top non-repeatable levels by time:
     D:5: 2101 daAuts
     D:4: 1545 daAuts
     D:2: 1267 daAuts
     D:3: 899 daAuts
     D:1: 831 daAuts
